General information
- name: BNet
- type: Ladder team game (AT/RT)
- host: Battle.net
- saver: GoldenAxe
map: Deadlock
- players: 8
- length: 21:07
- speed: Fast
- version: 1.28 W3XP
- replay type: Public
» download(228 KB)
Players
team 1 (loser)
spankmaster (
green | 86 APM | 1741 actions | 20:15)
5 Death Knight
3 Death Coil
2 Unholy Aura
3 Lich
2 Frost Nova
1 Frost Armor
» actions
| Assign group hotkey | 22 | |
| Basic commands | 24 | |
| Build / train | 66 | |
| Enter build submenu | 16 | |
| Enter hero's abilities submenu | 8 | |
| Remove unit from queue | 3 | |
| Right click | 712 | |
| Select / deselect | 209 | |
| Select group hotkey | 599 | |
| Use ability | 82 | |
1741 total
» units
| Acolyte | 7 | |
| Ghoul | 3 | |
| Crypt Fiend | 7 | |
| Frost Wyrm | 4 | |
21 total
» upgrades
| Creature Attack | 3 | |
| Web | 1 | |
| Creature Carapace | 2 | |
| Burrow | 1 | |
7 total
» buildings
| Crypt | 1 | |
| Ziggurat | 8 | |
| Graveyard | 1 | |
| Altar of Darkness | 1 | |
| Tomb of Relics | 1 | |
| Halls of the Dead | 1 | |
| Nerubian Tower | 1 | |
| Spirit Tower | 2 | |
| Black Citadel | 1 | |
| Sacrificial Pit | 1 | |
| Boneyard | 2 | |
20 total
» build order
00:05 Crypt
00:06 Ziggurat
00:38 Graveyard
00:57 Altar of Darkness
01:37 Ziggurat
01:50 Tomb of Relics
04:02 Ziggurat
04:59 Halls of the Dead
05:00 Nerubian Tower
06:02 Ziggurat
06:04 Ziggurat
06:56 Spirit Tower
06:58 Spirit Tower
07:19 Ziggurat
09:08 Black Citadel
09:44 Sacrificial Pit
10:08 Ziggurat
11:34 Boneyard
11:36 Boneyard
14:32 Ziggurat
» items
| Rod of Necromancy | 3 | |
| Lesser Clarity Potion | 2 | |
| Scroll of Regeneration | 2 | |
| Mechanical Critter | 1 | |
| Scroll of Healing | 2 | |
| Scroll of Town Portal | 3 | |
| Scroll of Protection | 1 | |
| Orb of Corruption | 2 | |
| Potion of Healing | 2 | |
| Orb of Venom | 1 | |
| Potion of Mana | 1 | |
20 total

»
Yondur (
orange | 43 APM | 852 actions | 19:45)
7 Warden
3 Shadow Strike
3 Blink
1 Spirit of Vengeance
» actions
| Basic commands | 78 | |
| Build / train | 69 | |
| Enter build submenu | 15 | |
| Enter hero's abilities submenu | 9 | |
| Right click | 317 | |
| Select / deselect | 296 | |
| Use ability | 68 | |
852 total
» units
| Wisp | 16 | |
| Archer | 6 | |
| Huntress | 2 | |
| Druid of the Claw | 10 | |
| Druid of the Talon | 6 | |
| Dryad | 6 | |
| Hippogryph | 3 | |
49 total
» upgrades
| Druid of the Claw Training | 2 | |
| Strength of the Wild | 2 | |
| Reinforced Hides | 1 | |
| Abolish Magic | 1 | |
| Mark of the Claw | 1 | |
| Druid of the Talon Training | 1 | |
8 total
» buildings
| Altar of Elders | 1 | |
| Moon Well | 6 | |
| Ancient of War | 1 | |
| Ancient of Wonders | 1 | |
| Tree of Ages | 1 | |
| Hunter's Hall | 1 | |
| Tree of Eternity | 1 | |
| Tree of Life | 2 | |
| Ancient of Lore | 2 | |
| Ancient of Wind | 1 | |
17 total
» build order
00:11 Altar of Elders
00:16 Moon Well
01:22 Moon Well
01:28 Ancient of War
01:48 Moon Well
02:28 Ancient of Wonders
02:59 Tree of Ages
04:51 Hunter's Hall
04:58 Moon Well
05:46 Tree of Eternity
06:15 Tree of Life
06:23 Ancient of Lore
07:14 Ancient of Lore
09:43 Tree of Life
10:03 Ancient of Wind
14:13 Moon Well
15:10 Moon Well
» items
| Boots of Speed | 1 | |
| Circlet of Nobility | 1 | |
2 total
noobcadoo (
pink | 35 APM | 694 actions | 20:02)
5 Beastmaster
3 Summon Bear
2 Summon Hawk
» actions
| Assign group hotkey | 18 | |
| Basic commands | 9 | |
| Build / train | 52 | |
| ESC pressed | 1 | |
| Enter build submenu | 15 | |
| Enter hero's abilities submenu | 5 | |
| Right click | 286 | |
| Select / deselect | 228 | |
| Select group hotkey | 25 | |
| Use ability | 55 | |
694 total
» units
| Wisp | 18 | |
| Huntress | 1 | |
| Druid of the Claw | 9 | |
| Dryad | 5 | |
| Mountain Giant | 1 | |
34 total
» upgrades
| Strength of the Wild | 2 | |
| Druid of the Claw Training | 2 | |
| Reinforced Hides | 2 | |
| Mark of the Claw | 1 | |
| Abolish Magic | 1 | |
8 total
» buildings
| Moon Well | 5 | |
| Hunter's Hall | 1 | |
| Altar of Elders | 1 | |
| Ancient of War | 1 | |
| Tree of Ages | 1 | |
| Ancient of Lore | 2 | |
| Tree of Eternity | 1 | |
| Ancient Protector | 1 | |
| Ancient of Wonders | 1 | |
| Ancient of Wind | 1 | |
| Tree of Life | 1 | |
16 total
» build order
00:18 Moon Well
00:34 Hunter's Hall
01:14 Altar of Elders
01:37 Ancient of War
02:32 Moon Well
03:10 Tree of Ages
03:27 Moon Well
04:30 Moon Well
05:43 Ancient of Lore
05:46 Ancient of Lore
07:07 Tree of Eternity
08:33 Ancient Protector
09:40 Ancient of Wonders
09:50 Ancient of Wind
11:02 Tree of Life
15:17 Moon Well
» items

»
TheDylz (
purple | 70 APM | 1414 actions | 20:06)
3 Mountain King
2 Storm Bolt
1 Bash
» actions
| Assign group hotkey | 28 | |
| Basic commands | 45 | |
| Build / train | 64 | |
| Enter build submenu | 36 | |
| Enter hero's abilities submenu | 3 | |
| Remove unit from queue | 4 | |
| Right click | 542 | |
| Select / deselect | 234 | |
| Select group hotkey | 393 | |
| Use ability | 65 | |
1414 total
» units
| Peasant | 13 | |
| Footman | 14 | |
| Dragonhawk Rider | 6 | |
| Gryphon Rider | 3 | |
36 total
» upgrades
| Masonry | 2 | |
| Defend | 1 | |
| Swords | 1 | |
| Plating | 0 | |
| Lumber Harvesting | 1 | |
5 total
» buildings
| Farm | 20 | |
| Altar of Kings | 2 | |
| Lumber Mill | 1 | |
| Barracks | 1 | |
| Arcane Vault | 1 | |
| Scout Tower | 14 | |
| Guard Tower | 7 | |
| Keep | 1 | |
| Town Hall | 2 | |
| Blacksmith | 1 | |
| Gryphon Aviary | 3 | |
| Castle | 2 | |
55 total
» build order
00:23 Farm
00:26 Farm
00:34 Altar of Kings
00:45 Altar of Kings
01:04 Lumber Mill
01:35 Barracks
01:46 Farm
02:34 Farm
03:00 Arcane Vault
03:11 Scout Tower
03:17 Scout Tower
04:01 Guard Tower
04:10 Guard Tower
04:12 Farm
04:21 Keep
05:53 Town Hall
05:58 Scout Tower
06:00 Scout Tower
06:01 Scout Tower
06:09 Scout Tower
06:28 Blacksmith
06:37 Guard Tower
08:40 Gryphon Aviary
08:43 Gryphon Aviary
08:51 Gryphon Aviary
09:30 Farm
09:31 Farm
09:33 Farm
09:43 Farm
09:44 Farm
09:45 Farm
09:46 Farm
10:48 Castle
10:49 Castle
13:18 Scout Tower
13:21 Scout Tower
13:24 Scout Tower
13:48 Scout Tower
13:51 Scout Tower
13:52 Scout Tower
13:53 Scout Tower
13:55 Scout Tower
15:09 Guard Tower
15:14 Farm
15:16 Farm
15:17 Farm
15:19 Farm
15:22 Guard Tower
15:34 Guard Tower
15:42 Guard Tower
17:16 Farm
17:18 Farm
19:36 Town Hall
19:49 Farm
19:54 Farm
» items
| Scroll of Regeneration | 1 | |
| Lesser Clarity Potion | 1 | |
| Potion of Healing | 2 | |
4 total
team 2 (winner)

»
gooooops (
red | 89 APM | 1802 actions | 20:16)
5 Pandaren Brewmaster
2 Drunken Haze
3 Breath of Fire
5 Shadow Hunter
3 Healing Wave
2 Hex
4 Tauren Chieftain
2 Endurance Aura
2 Shockwave
» actions
| Assign group hotkey | 28 | |
| Basic commands | 253 | |
| Build / train | 80 | |
| Enter build submenu | 23 | |
| Enter hero's abilities submenu | 14 | |
| Give item / drop item | 3 | |
| Right click | 295 | |
| Select / deselect | 306 | |
| Select group hotkey | 674 | |
| Use ability | 126 | |
1802 total
» units
| Peon | 15 | |
| Grunt | 3 | |
| Troll Witch Doctor | 3 | |
| Spirit Walker | 2 | |
| Shaman | 2 | |
| Tauren | 1 | |
| Wind Rider | 11 | |
37 total
» upgrades
| Witch Doctor Training | 2 | |
| Spirit Walker Training | 2 | |
| Shaman Training | 2 | |
| Armor | 2 | |
| Reinforced Defenses | 1 | |
| Ranged Weapons | 2 | |
| Envenomed Spears | 2 | |
| Ensnare | 1 | |
| Melee Weapons | 1 | |
| War Drums Damage Increase | 1 | |
16 total
» buildings
| Barracks | 1 | |
| Orc Burrow | 9 | |
| Altar of Storms | 1 | |
| Stronghold | 1 | |
| Voodoo Lounge | 1 | |
| War Mill | 1 | |
| Great Hall | 1 | |
| Spirit Lodge | 2 | |
| Beastiary | 2 | |
| Fortress | 1 | |
| Watch Tower | 3 | |
| Tauren Totem | 1 | |
24 total
» build order
00:20 Barracks
00:34 Orc Burrow
01:11 Altar of Storms
01:20 Orc Burrow
03:15 Stronghold
03:24 Voodoo Lounge
03:54 War Mill
04:51 Great Hall
05:09 Orc Burrow
06:12 Spirit Lodge
06:39 Beastiary
07:59 Fortress
08:44 Spirit Lodge
08:52 Orc Burrow
09:37 Orc Burrow
09:41 Orc Burrow
09:53 Watch Tower
09:55 Watch Tower
09:58 Watch Tower
10:55 Orc Burrow
11:04 Tauren Totem
13:23 Beastiary
16:38 Orc Burrow
16:39 Orc Burrow
» items
| Circlet of Nobility | 3 | |
| Healing Salve | 1 | |
| Boots of Speed | 1 | |
| Orb of Lightning | 1 | |
| Scroll of Town Portal | 1 | |
7 total
GoldenAxe (
yellow | 144 APM | 3034 actions | 21:07)
5 Archmage
3 Summon Water Elemental
2 Brilliance Aura
3 Paladin
2 Holy Light
1 Divine Shield
4 Mountain King
2 Storm Bolt
2 Bash
1 Blademaster
1 Wind Walk
» actions
| Assign group hotkey | 54 | |
| Basic commands | 42 | |
| Build / train | 122 | |
| ESC pressed | 6 | |
| Enter build submenu | 25 | |
| Enter hero's abilities submenu | 13 | |
| Give item / drop item | 2 | |
| Remove unit from queue | 2 | |
| Right click | 1032 | |
| Select / deselect | 775 | |
| Select group hotkey | 830 | |
| Use ability | 131 | |
3034 total
» units
| Peasant | 18 | |
| Footman | 10 | |
| Spell Breaker | 14 | |
| Sorceress | 5 | |
| Priest | 7 | |
| Knight | 6 | |
| Raider | 2 | |
| Wind Rider | 2 | |
64 total
» upgrades
| Lumber Harvesting | 1 | |
| Priest Training | 2 | |
| Swords | 3 | |
| Control Magic | 1 | |
| Plating | 2 | |
9 total
» buildings
| Altar of Kings | 1 | |
| Barracks | 1 | |
| Farm | 15 | |
| Keep | 2 | |
| Town Hall | 1 | |
| Arcane Vault | 1 | |
| Lumber Mill | 1 | |
| Arcane Sanctum | 2 | |
| Castle | 1 | |
| Blacksmith | 1 | |
26 total
» build order
00:07 Altar of Kings
00:11 Barracks
00:17 Farm
00:53 Farm
02:04 Farm
03:10 Farm
03:42 Keep
03:42 Keep
04:13 Town Hall
04:40 Arcane Vault
05:02 Lumber Mill
06:28 Arcane Sanctum
06:37 Farm
07:05 Farm
07:09 Arcane Sanctum
08:23 Farm
08:25 Farm
08:37 Castle
08:44 Farm
08:44 Farm
09:37 Blacksmith
11:12 Farm
11:18 Farm
15:23 Farm
15:24 Farm
20:55 Farm
» items
| Boots of Speed | 1 | |
| Scroll of Protection | 1 | |
| Potion of Lesser Invulnerability | 1 | |
| Potion of Healing | 5 | |
| Potion of Mana | 1 | |
| Lesser Clarity Potion | 1 | |
| Scroll of Regeneration | 1 | |
| Scroll of Town Portal | 3 | |
| Scroll of Speed | 1 | |
15 total
Fakenews (
teal | 32 APM | 642 actions | 20:16)
3 Blademaster
1 Critical Strike
1 Wind Walk
1 Mirror Image
1 Shadow Hunter
1 Healing Wave
» actions
| Basic commands | 7 | |
| Build / train | 50 | |
| Enter build submenu | 24 | |
| Enter hero's abilities submenu | 4 | |
| Remove unit from queue | 1 | |
| Right click | 245 | |
| Select / deselect | 246 | |
| Use ability | 65 | |
642 total
» units
| Peon | 12 | |
| Grunt | 6 | |
| Tauren | 5 | |
| Shaman | 1 | |
| Spirit Walker | 1 | |
25 total
» upgrades
| Berserker Strength | 1 | |
| Melee Weapons | 2 | |
| Armor | 1 | |
| Reinforced Defenses | 1 | |
| Shaman Training | 2 | |
| Pulverize | 1 | |
| Spirit Walker Training | 1 | |
| Spiked Barricades | 3 | |
12 total
» buildings
| Orc Burrow | 12 | |
| Altar of Storms | 1 | |
| Barracks | 1 | |
| Voodoo Lounge | 1 | |
| Stronghold | 1 | |
| War Mill | 1 | |
| Fortress | 1 | |
| Spirit Lodge | 1 | |
| Tauren Totem | 2 | |
| Watch Tower | 2 | |
| Great Hall | 1 | |
24 total
» build order
00:08 Orc Burrow
00:28 Altar of Storms
01:07 Barracks
01:34 Orc Burrow
02:26 Voodoo Lounge
03:30 Stronghold
03:55 Orc Burrow
04:02 Orc Burrow
04:20 War Mill
05:22 Orc Burrow
06:13 Fortress
07:29 Spirit Lodge
07:38 Orc Burrow
08:38 Tauren Totem
09:11 Tauren Totem
14:33 Orc Burrow
14:35 Orc Burrow
14:39 Orc Burrow
14:43 Orc Burrow
14:51 Watch Tower
14:59 Watch Tower
15:27 Orc Burrow
18:11 Orc Burrow
19:28 Great Hall
» items
| Orb of Lightning | 2 | |
| Potion of Healing | 1 | |
| Potion of Mana | 1 | |
4 total
throwaways (
blue | 59 APM | 773 actions | 13:04)
4 Blademaster
2 Critical Strike
2 Wind Walk
» actions
| Assign group hotkey | 13 | |
| Basic commands | 3 | |
| Build / train | 39 | |
| Enter build submenu | 14 | |
| Enter hero's abilities submenu | 4 | |
| Give item / drop item | 1 | |
| Remove unit from queue | 1 | |
| Right click | 318 | |
| Select / deselect | 156 | |
| Select group hotkey | 187 | |
| Use ability | 37 | |
773 total
» units
| Peon | 8 | |
| Grunt | 4 | |
| Wind Rider | 3 | |
| Troll Batrider | 7 | |
22 total
» upgrades
| Armor | 2 | |
| Ranged Weapons | 1 | |
| Liquid Fire | 0 | |
3 total
» buildings
| Altar of Storms | 1 | |
| Orc Burrow | 5 | |
| Barracks | 1 | |
| War Mill | 1 | |
| Voodoo Lounge | 1 | |
| Watch Tower | 3 | |
| Stronghold | 2 | |
| Beastiary | 2 | |
| Fortress | 1 | |
17 total
» build order
00:18 Altar of Storms
00:23 Orc Burrow
00:28 Barracks
01:48 War Mill
01:59 Voodoo Lounge
02:15 Orc Burrow
03:15 Watch Tower
03:57 Stronghold
03:57 Stronghold
05:11 Orc Burrow
06:22 Beastiary
06:27 Beastiary
06:52 Fortress
08:22 Orc Burrow
08:24 Orc Burrow
09:49 Watch Tower
11:19 Watch Tower
» items
| Boots of Speed | 2 | |
| Potion of Lesser Invulnerability | 1 | |
| Orb of Lightning | 1 | |
| Potion of Healing | 1 | |
5 total
Chat log
(01:08 / All) noobcadoo: #MAKEWARCRAFTGREATAGAIN
(01:26 / All) GoldenAxe: DONALD TRUMP 2020
(01:31 / All) noobcadoo: YUP
(01:32 / All) Yondur: hell ya
(01:40 / All) Fakenews: agreed
(01:42 / All) Yondur: that shit got me hard
(01:50 / All) gooooops: im with her
(01:54 / All) gooooops: ->
(01:57 / All) Yondur: I really hope they repeal obamacare
(02:05 / All) noobcadoo: if you are a real american and you vote trump give me a HELL YA
(02:07 / All) Yondur: sick of paying fines for health insurance i don't need!!!
(02:12 / All) GoldenAxe: HELL YA
(02:27 / All) TheDylz: it was a good idea that god misused
(02:31 / All) GoldenAxe: NATURAL US BORN CITIZEN BABY
(02:38 / All) noobcadoo: trump is brining the economy back
(02:38 / All) Yondur: fuck ya
(02:42 / All) Yondur: HELLY A
(02:43 / All) Fakenews: not american to force ppl to pay for shit
(02:50 / All) Yondur: fuck no
(02:59 / All) noobcadoo: tell that to the libtards
(03:10 / All) gooooops: whats a libtard
(03:17 / All) Yondur: fuck liberals and their fail social ideologies
(03:23 / All) noobcadoo: liberals that love their socialism
(03:24 / All) Yondur: its failed for hundreds of years how can they not see that!
(03:31 / All) gooooops: lol
(03:36 / All) Fakenews: this guy
(03:42 / All) noobcadoo: i love how trump sticks it to them
(03:47 / All) TheDylz: america is not a democratic its facsi
(03:57 / All) Yondur: its a republic!!
(04:03 / All) Yondur: not a democracy
(04:11 / All) noobcadoo: ONE NATION UNDER GOD BABY!!
(04:26 / All) Yondur: liberity motha fucka
(04:32 / All) GoldenAxe: glad to see everyone in this game is a trump supporter... speaks volumes!
(04:42 / All) gooooops: liberty for libtards
(05:20 / All) gooooops: they arent they are just trying to troll
(05:26 / All) gooooops: real hard
(05:32 / All) GoldenAxe: LOL NAH
(05:33 / All) Yondur: not me
(05:37 / All) Yondur: love trump bitch
(05:39 / All) GoldenAxe: same
(05:46 / All) Fakenews: im down with master t
(06:02 / All) Fakenews: and ur fake news if ur not
(06:08 / All) Yondur: fuck fake news
(06:27 / All) noobcadoo: crooked hilary and her socialist feminist supports
(06:31 / All) gooooops: lol
(09:24 / Allies) gooooops: b
(09:34 / Allies) Fakenews: meet
(09:40 / Allies) throwaways: yep
(10:16 / Allies) throwaways: wake up
(10:17 / Allies) GoldenAxe: gog
(10:18 / Allies) gooooops: b
(10:26 / Allies) GoldenAxe: back up
(10:37 / Allies) GoldenAxe: tp
(10:45 / Allies) gooooops: only 2
(10:48 / Allies) gooooops: you got 3
(11:53 / Allies) gooooops: coming
(12:23 / Allies) Fakenews: they coming
(12:24 / Allies) Fakenews: to me
(12:31 / Allies) gooooops: b
(12:32 / Allies) GoldenAxe: tp
(13:02 / Allies) gooooops: back up
(13:06 / Allies) GoldenAxe: ALL TP
(13:06 / All) Yondur: nomnom bitch
(13:09 / Allies) gooooops: \dont puss out
(13:46 / Allies) gooooops: tp in noob
(13:49 / Allies) gooooops: wow
(13:52 / Allies) gooooops: i got blue
(13:54 / Allies) GoldenAxe: ill tp back
(14:54 / Allies) GoldenAxe: hit?
(15:00 / Allies) gooooops: sure
(15:30 / Allies) gooooops: together
(15:31 / Allies) gooooops: idiot
(15:46 / Allies) gooooops: why go alone
(15:47 / Allies) gooooops: retard
(15:49 / Allies) GoldenAxe: i went back
(15:50 / Allies) GoldenAxe: im ok
(16:11 / Allies) gooooops: b
(16:11 / Allies) gooooops: b
(16:50 / Allies) GoldenAxe: tping to teal
(16:59 / Allies) GoldenAxe: tp'd
(17:03 / Allies) gooooops: i am stfu
(17:33 / Allies) GoldenAxe: hit orange
(17:42 / Allies) gooooops: share wood
(17:44 / Allies) GoldenAxe: control blue too
(18:15 / Allies) gooooops: yesi dito
(18:16 / Allies) gooooops: nos hit
(18:23 / Allies) gooooops: fucking follow me
(18:25 / Allies) gooooops: you goddamn retard
(19:39 / All) Yondur: dude this team is making me laugh my ass off lol
(19:43 / All) Yondur: gg i guess bad fucking team
(19:43 / All) GoldenAxe: LOL
(19:46 / All) gooooops: same
(20:11 / All) GoldenAxe: gg boys... lol
(20:12 / All) GoldenAxe: trump 2020